 Dungeon Crawl Stone Soup version 0.30-a0-1176-gcdfb0321a8 (webtiles) character file.

Game seed: 15965174700367089450

214 Rrauwl the Conjurer (level 5, -1/67 HPs)
             Began as a Draconian Conjurer on Apr 30, 2023.
             Slain by a sleepcap (3 damage)
             ... on level 3 of the Dungeon.
             The game lasted 00:10:49 (3618 turns).

Rrauwl the Conjurer (Draconian Conjurer)            Turns: 3618, Time: 00:10:50

Health: -1/67      AC: 22    Str: 10    XL:     5   Next: 59%
Magic:  0/10       EV:  2    Int: 20    God:
Gold:   86         SH:  0    Dex:  9    Spells: 9/10 levels left

rFire   . . .        a - +0 short sword (heavy)
rCold   . . .        (no shield)
rNeg    . . .        (body armour unavailable)
rPois   +            (helmet currently unavailable)
rElec   .            i - melded +0 cloak
rCorr   .            (gloves currently unavailable)
SInv    .            (boots currently unavailable)
Will    .....        (no amulet)
Stlth   ++           (no ring)
HPRegen 0.31/turn    (no ring)
MPRegen 0.12/turn

%: no passive effects
@: tree-form
A: stationary, stasis, torment immunity, boosted hp, AC +5, unfitting armour,
(cold-blooded)
a: no special abilities


You were on level 3 of the Dungeon.
You were a tree.
You visited 1 branch of the dungeon, and saw 4 of its levels.

You collected 86 gold pieces.

Inventory:

Hand Weapons
 a - a +0 heavy short sword (weapon)
Armour
 i - a +0 cloak (melded)
Jewellery
 d - a ring of fire
Wands
 c - a wand of paralysis (1)
Scrolls
 e - a scroll of blinking
 f - a scroll of identify
Potions
 g - a potion of mutation


   Skills:
 - Level 3.0 Fighting
 - Level 3.0 Dodging
 - Level 3.0 Stealth
 + Level 3.3 Spellcasting
 - Level 4.0 Conjurations


You had 9 spell levels left.
You knew the following spells:

 Your Spells              Type           Power      Damage    Failure   Level
a - Magic Dart            Conj           76%        1d6       2%          1

Your spell library contained the following spells:

 Spells                   Type           Power      Damage    Failure   Level
 Searing Ray              Conj           38%        2d5       4%          2
 Freeze                   Ice            12%        1d3       14%         1
 Dazzling Flash           Conj/Hex       22%        N/A       19%         3
 Hailstorm                Conj/Ice       11%        3d5       19%         3
 Frozen Ramparts          Ice            6%         1d1       38%         3
 Fulminant Prism          Conj/Hex       5%         3d7       52%         4
 Iskenderun's Mystic Bla  Conj/Tloc      11%        2d4       52%         4


Dungeon Overview and Level Annotations

Branches:
Dungeon (4/15)
 Temple: D:4-7

Altars:

Shops:
D:4 :=


Innate Abilities, Weirdness & Mutations

You are a tree.
Your roots penetrate the ground, keeping you stationary.
You cannot be teleported.
You are immune to unholy pain and torment.
Your maximum health is greatly increased.
Your equipment is partially melded.
((Your plain brown scales are hard. (AC +5)))
You cannot fit into any form of body armour.
((You are cold-blooded and may be slowed by cold attacks.))


Message History

Unknown command.
You hit the sleepcap but do no damage.
The sleepcap is heavily damaged.
The sleepcap releases spores at you.
You are engulfed in a cloud of soporific spores!
You fall asleep.
The sleepcap barely misses you. The sleepcap releases spores at you.
You wake up.
Unknown command.
Unknown command.
Unknown command.
You hit the sleepcap but do no damage.
The sleepcap is heavily damaged.
The sleepcap releases spores at you. x2
You hit the sleepcap but do no damage.
The sleepcap is heavily damaged.
The sleepcap releases spores at you.
Casting: Magic Dart (safe; 2% risk of failure)
Confirm with . or Enter, or press ? or * to list all spells.
Aiming: Magic Dart (safe; 2% risk of failure)
Press: ? - help, Shift-Dir - straight line, f/p - sleepcap
Aim: a sleepcap (heavily damaged, 100% to hit)
The magic dart hits the sleepcap.
The sleepcap is heavily damaged.
The sleepcap releases spores at you!
* * * LOW HITPOINT WARNING * * *
Unknown command.
Unknown command.
You feel better. The sleepcap releases spores at you.
You are engulfed in a cloud of soporific spores!
You fall asleep.
The sleepcap releases spores at you!
You wake up.
* * * LOW HITPOINT WARNING * * *
You are engulfed in a cloud of soporific spores!
You are unaffected.
Unknown command.
It was a potion of lignification.
You turn into a tree.
Your +0 cloak melds into your body.
Your roots penetrate the ground.
The sleepcap releases spores at you.
You die...

#........##.# ###.#..###.##.
#.##...#.##.# #...........
#.........#.######.#####.###.
####...#...........# #.# #.
##.##..##.......# #.# ##
#.##.###>#####.# #.####
#.##.# #.# #.#####.....
#.##.# #f# #.......####
#.##.# #♣# ######### #.##.#
#.# #.##.# #.#### #.##.#
#....# #.##.# ####.#
#.##.######.# #...........#
######## ####..#######
#....... #..# #.######


You could see a sleepcap.

Vanquished Creatures
  2 orc priests (D:3)
  An orc wizard (D:2)
  5 adders
  4 worms
  3 dart slugs
  An orc (D:3)
  8 ball pythons
  A bat (D:1)
  7 endoplasms
  2 giant cockroaches (D:2)
  5 hobgoblins
  2 jackals (D:3)
  6 quokkas
  4 frilled lizards
  4 goblins
  6 kobolds
  4 rats
65 creatures vanquished.

Notes
Turn   | Place    | Note
-------+----------+-------------------------------------------
     0 | D:1      | Rrauwl the Draconian Conjurer began the quest for the Orb.
     0 | D:1      | Reached XP level 1. HP: 14/14 MP: 3/3
   138 | D:1      | Reached skill level 1 in Fighting
   147 | D:1      | Reached XP level 2. HP: 23/23 MP: 3/5
  1077 | D:2      | Reached XP level 3. HP: 26/29 MP: 4/6
  1849 | D:2      | Reached XP level 4. HP: 29/36 MP: 7/7
  2556 | D:3      | Reached XP level 5. HP: 4/45 MP: 3/9
  3576 | D:4      | Noticed a water moccasin
  3576 | D:4      | Found Gefu Agi's Book Emporium.
  3576 | D:4      | Found Juazof's Jewellery Shop.
  3617 | D:3      | HP: 1/45 [sleepcap (15)]
  3618 | D:3      | Slain by a sleepcap

Illustrated notes

Levels and vault maps discovered:
D:1:      lightli_arrival_flooded_house, layout_loops_ring, st_stairs_13
D:2:      layout_basic
D:3:      layout_loops_ring, saegor_snake_ambush
D:4:      layout_loops_ring, amcnicky_altar_gilded, lemuel_tele_altar,
          serial_shops, nicolae_diamond_shop, shop, shop, shop, shop,
          corexii_checkpoint_b

Skill      XL: |  1  2  3  4  5 |
---------------+----------------+-----
Stealth        | 2 3 |  3.0
Dodging        | 2 3 |  3.0
Fighting       | 1 2 3 |  3.0
Spellcasting   | 3 |  3.3
Conjurations   | |  4.0

Action                     |  1- 3 |  4- 6 || total
---------------------------+-------+-------++-------
  Melee: Dagger            |    89 |       ||    89
         Tailslap          |    18 |     3 ||    21
         Short sword       |    53 |    82 ||   135
         Punch             |     1 |     1 ||     2
   Cast: Magic Dart        |    44 |    53 ||    97
    Use: Potion            |     3 |     4 ||     7
         Scroll            |     2 |     4 ||     6
   Stab: Sleeping          |     2 |     5 ||     7
 Armour: Skin              |    44 |    44 ||    88
  Dodge: Dodged            |   107 |    74 ||   181

Table legend: (Time is in decaauts)
 A = Elapsed time spent in this place.
 B = Non-inter-level travel time spent in this place.
 C = Inter-level travel time spent in this place.
 D = Time resting spent in this place.
 E = Time spent auto-exploring this place.
 F = Levels seen in this place.
 G = Mean time per level.
                   A        B        C        D        E       F      G
               +--------+--------+--------+--------+--------+-----+--------+
         Total |   3722 |   3584 |    138 |    355 |   2494 |   4 |  930.5 |
       Dungeon |   3722 |   3584 |    138 |    355 |   2494 |   4 |  930.5 |
               +--------+--------+--------+--------+--------+-----+--------+

Top non-repeatable levels by time:
     D:2: 1453 daAuts
     D:3: 1260 daAuts
     D:1: 997 daAuts
     D:4: 11 daAuts
